 Dungeon Crawl Stone Soup version 0.30-a0-141-g30f27751c5 (webtiles) character file.

Game seed: 9414719950325846649

87 123456 the Digger (level 4, -4/24 HPs)
             Began as a Gargoyle Earth Elementalist on Sept 23, 2022.
             Slain by an orc
             ... wielding a +0 morningstar
              (10 damage)
             ... on level 3 of the Dungeon on Sept 26, 2022.
             The game lasted 00:02:49 (1796 turns).

123456 the Digger (Gargoyle Earth Elementalist)     Turns: 1796, Time: 00:02:50

Health: -4/24      AC:  5    Str: 11    XL:     4   Next: 51%
Magic:  1/8        EV: 12    Int: 18    God:
Gold:   127        SH:  0    Dex: 10    Spells: 4/8 levels left

rFire   . . .      SeeInvis .    c - +2 dagger
rCold   . . .      Faith    .    (no shield)
rNeg    + . .      Spirit   .    a - +0 robe
rPois   ∞          Reflect  .    (no helmet)
rElec   +          Harm     .    (no cloak)
rCorr   .          Rampage  .    (no gloves)
Will    .....                    (no boots)
Stlth   ++........               e - amulet of the acrobat
HPRegen 0.08/turn                (no ring)
MPRegen 0.11/turn                (no ring)

@: very slightly contaminated
A: sickness immunity, AC +3, negative energy resistance 1, electricity
resistance, torment resistance 1, petrification resistance
a: no special abilities


You were on level 3 of the Dungeon.
You visited 1 branch of the dungeon, and saw 3 of its levels.

You collected 127 gold pieces.

Inventory:

Hand Weapons
 c - a +2 dagger (weapon)
Armour
 a - a +0 robe (worn)
Jewellery
 e - an amulet of the acrobat (around neck)
Wands
 k - a wand of flame (11)
Scrolls
 h - 2 scrolls of identify
 n - a scroll of amnesia
Potions
 b - a potion of magic
 d - a potion of curing
 f - 2 potions of flight {unknown}
 i - a potion of degeneration {unknown}
 j - a potion of heal wounds {unknown}
 l - a potion of lignification {unknown}
 m - a potion of berserk rage {unknown}
 o - a potion of mutation {unknown}


   Skills:
 + Level 2.0 Dodging
 + Level 2.8 Stealth
 * Level 2.9 Spellcasting
 + Level 1.0 Conjurations
 - Level 0.7 Transmutations
 * Level 4.5 Earth Magic


You had 4 spell levels left.
You knew the following spells:

 Your Spells              Type           Power      Damage    Failure   Level
a - Sandblast             Erth           38%        2d10      2%          1
b - Stone Arrow           Conj/Erth      24%        3d8       16%         3

Your spell library contained the following spells:

 Spells                   Type           Power      Damage    Failure   Level
 Passwall                 Tmut/Erth      10%        N/A       9%          2
 Necrotise                Necr           8%         1d4       17%         1
 Ensorcelled Hibernation  Hex/Ice        4%         N/A       26%         2
 Spider Form              Tmut/Pois      3%         N/A       38%         3
 Vampiric Draining        Necr           2%         2d6       45%         3
 Petrify                  Tmut/Erth      12%        N/A       50%         4
 Anguish                  Hex/Necr       1%         N/A       86%         4
 Agony                    Necr           2%         N/A       99%         5


Dungeon Overview and Level Annotations

Branches:
Dungeon (3/15)

Altars:


Innate Abilities, Weirdness & Mutations

You are immune to sickness and miasma.
Your stone body is resilient. (AC +3)
You are immune to poison.
You resist negative energy. (rN+)
You are resistant to electric shocks. (rElec)
You are resistant to unholy torment.
You are immune to petrification.


Message History

Something hits you but does no damage.
You hit something. Something barely misses you. The orc barely misses you.
Unknown command.
Casting: Sandblast (safe; 2% risk of failure)
Confirm with . or Enter, or press ? or * to list all spells.
The spell is extremely dangerous to miscast (17% risk of failure)!
Continue anyway?
Aiming: Stone Arrow (extremely dangerous; 17% risk of failure)
Press: ? - help, Shift-Dir - straight line You miscast Stone Arrow.
You are very lightly contaminated with residual magic.
Nothing appears to happen.
Something hits you.
* * * LOW HITPOINT WARNING * * *
The kobold throws a stone.
The orc barely misses you.
Aiming: Sandblast (safe; 2% risk of failure)
Press: ? - help, Q - select action, (/) - cycle Shift-Dir - straight line The blast of sand hits something but does no damage.
Something barely misses you. The orc closely misses you.
It was a potion of curing.
You feel better. Something hits you. The orc misses you.
You feel better.
You hear some strange, mumbled words.
A magic dart appears from out of thin air!
The magic dart hits you. The orc hits you with a +0 morningstar.
Unknown command.
You closely miss something. Something barely misses you.
The orc barely misses you.
You closely miss something. Something hits you.
The kobold throws a stone.
Reactivating autopickup.
You feel a bit more experienced. The orc closely misses you.
Your Conjurations skill increases to level 1!
The kobold hits you with a +2 short sword of venom.
* * * LOW HITPOINT WARNING * * *
The goblin misses you.
Things that are here:
a +0 dagger; a +0 robe; an orc corpse Unknown command.
You closely miss the orc.
The orc is moderately wounded.
The orc hits you with a +0 morningstar!
You die...

#########
#######.......#
............#.#
####...###.#.#
#.#.gK#.#.#
#......)#@#.#<#
#.......#o#.#.#
#......K#.#.#.#
#...........#.#
#.......#.###.#
#.......#.. ..#
........#.. .##
... ... . ...
....


You could see an orc, a goblin and a kobold.

Vanquished Creatures
  An orc priest (D:3)
  3 dart slugs
  3 endoplasms (D:1)
  2 giant cockroaches
  A goblin (D:1)
  5 hobgoblins
  A quokka (D:1)
  6 ball pythons
  2 bats (D:1)
  3 frilled lizards
  A kobold (D:1)
  4 rats
32 creatures vanquished.

Vanquished Creatures (others)
  An orc wizard (D:3)
1 creature vanquished.

Grand Total: 33 creatures vanquished

Notes
Turn   | Place    | Note
-------+----------+-------------------------------------------
     0 | D:1      | 123456 the Gargoyle Earth Elementalist began the quest for
                  | the Orb.
     0 | D:1      | Reached XP level 1. HP: 10/10 MP: 3/3
   275 | D:1      | Reached XP level 2. HP: 15/15 MP: 1/5
   525 | D:1      | Reached skill level 4 in Earth Magic
   710 | D:1      | Upgraded the game from 0.30-a0-137-gd8773701ce to
                  | 0.30-a0-141-g30f27751c5
   805 | D:1      | Reached XP level 3. HP: 19/19 MP: 4/6
   809 | D:1      | Learned a level 3 spell: Stone Arrow
  1775 | D:3      | Reached XP level 4. HP: 20/24 MP: 2/8
  1795 | D:3      | Reached skill level 1 in Conjurations
  1796 | D:3      | Slain by an orc

Illustrated notes

Levels and vault maps discovered:
D:1:      dpeg_arrival_pond, layout_basic
D:2:      layout_loops_ring
D:3:      layout_basic, nicolae_overflow_quartered_altars,
          cheibrodos_sewer_entry_drain, hellmonk_ecumenical_altar_dog_temple,
          hellmonk_ghost_happy_afterlife, guppyfry_early_orc_mine

Skill      XL: |  1  2  3  4 |
---------------+-------------+-----
Earth Magic    | 4 |  4.5
Dodging        | 2 |  2.0
Conjurations   | 1 |  1.0
Stealth        | |  2.8
Spellcasting   | |  2.9
Transmutations | |  0.7

Action                   |  1- 3 |  4- 6 || total
-------------------------+-------+-------++-------
Melee: Dagger            |     2 |    10 ||    12
 Cast: Sandblast         |    47 |     1 ||    48
  Use: Scroll            |     3 |       ||     3
       Potion            |       |     2 ||     2
Armor: Robe              |     9 |     8 ||    17
Dodge: Dodged            |    12 |    20 ||    32

Table legend: (Time is in decaauts)
 A = Elapsed time spent in this place.
 B = Non-inter-level travel time spent in this place.
 C = Inter-level travel time spent in this place.
 D = Time resting spent in this place.
 E = Time spent auto-exploring this place.
 F = Levels seen in this place.
 G = Mean time per level.
                   A        B        C        D        E       F      G
               +--------+--------+--------+--------+--------+-----+--------+
         Total |   1818 |   1724 |     94 |      0 |   1498 |   3 |  606.0 |
       Dungeon |   1818 |   1724 |     94 |      0 |   1498 |   3 |  606.0 |
               +--------+--------+--------+--------+--------+-----+--------+

Top non-repeatable levels by time:
     D:1: 891 daAuts
     D:2: 885 daAuts
     D:3: 42 daAuts
